 Dungeon Crawl Stone Soup version 0.21.0-26-g889b8f6 (webtiles) character file.

139057 DogShitOnMyToe the Demonic Cataclysm (level 16, 0/201 HPs)
             Began as a Demonspawn Gladiator on Jan 28, 2018.
             Was a High Priest of Qazlal.
             Slain by a spark wasp (4 damage)
             ... on level 1 of the Depths.
             The game lasted 01:20:03 (31372 turns).

DogShitOnMyToe the Demonic Cataclysm (DsGl)        Turns: 31372, Time: 01:20:04

Health: 0/201      AC: 20    Str: 26    XL:     16   Next: 72%
Magic:  0/25       EV:  8    Int: 10    God:    Qazlal [*****.]
Gold:   1190       SH: 18    Dex: 15    Spells: 15/15 levels left

rFire    + . .     SeeInvis .   a - +10 morningstar "Eos" {elec, Halo rElec}
rCold    + + .     Gourm    .   D - +0 shield
rNeg     . . .     Faith    +   Y - +3 plate armour {rF+}
rPois    .         Spirit   +   S - +1 helmet
rElec    +         Reflect  .   n - +2 cloak {MR+}
rCorr    .         Harm     .   A - +0 pair of gloves
MR       +++..                  (no boots)
Stlth    ..........             u - amulet of faith
HPRegen  0.43/turn              J - ring of protection from magic
MPRegen  0.38/turn              q - ring of protection from cold

@: berserking, protected from electricity, glowing, repel missiles, very quick
A: talons 2, repulsion field 1, cold resistance 1, low mp 1, shaggy fur 1, spiny
2, magic shield, magic regeneration, magic link
a: Upheaval, Elemental Force, Disaster Area, Renounce Religion


You were on level 1 of the Depths.
You worshipped Qazlal.
Qazlal was extremely pleased with you.
You were not hungry.

You visited 5 branches of the dungeon, and saw 26 of its levels.
You also visited: Volcano.

You collected 2259 gold pieces.
You spent 1069 gold pieces at shops.

Inventory:

Hand Weapons
 a - the +10 morningstar "Eos" (weapon) {elec, Halo rElec}
   (You bought it in a shop on level 2 of the Orcish Mines)

   Occasionally, upon striking a foe, it will discharge some electrical energy
   and cause terrible harm.
   It insulates you from electricity.
 b - a +1 triple crossbow of flaming
 i - the +10 mace of Sapsan {crush, rPois MR++}
   (You found it on level 6 of the Dungeon)

   It inflicts extra damage upon your enemies.
   It protects you from poison.
   It affects your resistance to hostile enchantments.
Missiles
 d - 2 throwing nets (quivered)
 x - 23 tomahawks
 U - 228 bolts
Armour
 n - a +2 cloak of magic resistance (worn)
 r - a +0 pair of boots
 A - a +0 pair of gloves (worn)
 D - a +0 shield (worn)
 S - a +1 helmet (worn)
 Y - a +3 plate armour of fire resistance (worn)
Jewellery
 j - an uncursed ring of fire
 q - a ring of protection from cold (right hand)
 u - an amulet of faith (around neck)
 z - a +5 ring of strength {unknown}
 J - a ring of protection from magic (left hand)
Wands
 c - a wand of paralysis (6)
 l - a wand of enslavement (17)
 m - a wand of disintegration (12)
 t - a wand of scattershot (2)
 L - a wand of polymorph (32)
 Q - a wand of acid (2)
 V - a wand of flame (48)
Scrolls
 e - 6 scrolls of blinking
 g - 4 scrolls of fear
 o - a scroll of brand weapon {unknown}
 p - 5 scrolls of remove curse
 s - 9 scrolls of enchant weapon
 v - 4 scrolls of immolation
 C - 2 scrolls of magic mapping
 M - 2 scrolls of amnesia
 R - 16 scrolls of teleportation
 T - 2 scrolls of fog
Potions
 k - 5 potions of curing
 w - 3 potions of ambrosia
 y - 3 potions of resistance
 B - 6 potions of flight
 F - a potion of cancellation
 G - 4 potions of agility
 H - 5 potions of lignification
 I - 3 potions of magic
 K - 2 potions of mutation
 O - 4 potions of brilliance
 P - 2 potions of haste
Miscellaneous
 W - a sack of spiders
Comestibles
 f - 39 rations


   Skills:
 + Level 14.4 Fighting
   Level 7.1 Long Blades
 - Level 16.0 Maces & Flails
 - Level 11.6 Crossbows
 - Level 1.7 Throwing
 - Level 2.6 Dodging
 * Level 5.1 Shields
 * Level 16.1 Invocations


You had 15 spell levels left.
You didn't know any spells.

Dungeon Overview and Level Annotations

Branches:
Dungeon (15/15)            Temple (1/1) D:7            Lair (6/6) D:10
  Swamp (0/4) Lair:3        Snake (0/4) Lair:2        Slime (0/5) Lair:6
    Orc (2/2) D:9             Elf (0/3) Orc:2        Vaults (0/5) D:14
 Depths (2/5) D:15

Altars:
Ashenzari
Cheibriados
Dithmenos
Elyvilon
Fedhas
Gozag
Hepliaklqana
Kikubaaqudgha
Makhleb
Nemelex Xobeh
Okawaru
Qazlal
Ru
Sif Muna
Trog
Uskayaw
Vehumet
Wu Jian
Xom
Yredelemnul
Zin
The Shining One
Lugonu

Shops:
D:6 (   D:7 ?=*%   D:12 :   D:15 }   Orc:2 *((%

Portals:
Hell: Depths:1
Abyss: Depths:1

Annotations:
Depths:2 DogShitOnMyToe's ghost, adept TrWr


Innate Abilities, Weirdness & Mutations

You have razor-sharp toenails.
You are surrounded by a mild repulsion field. (EV +2)
You are mostly covered in sharp spines.
When hurt, damage is shared between your health and your magic reserves.
You regenerate magic rapidly.
When low on magic, you restore magic in place of health.
Your flesh is cold resistant. (rC+)
Your magical capacity is low. (-10% MP)
You are covered in fur. (AC +1)


Message History

Okay, then.
You don't have enough magic at the moment.
Unknown command.
You feel better. You block the spark wasp's attack.
The spark wasp is engulfed in blazing flames.
The spark wasp stings you!!
* * * LOW HITPOINT WARNING * * *
The spark wasp shocks you. You resist.
* * * LOW HITPOINT WARNING * * *
You block the spark wasp's attack.
The spark wasp is engulfed in blazing flames.
Unknown command.
A red film seems to cover your vision as you go berserk!
You feel yourself moving faster!
You feel mighty! You block the spark wasp's attack. x3
You puncture the spark wasp!
You claw the spark wasp, but do no damage.
The spark wasp is struck by your spines.
The spark wasp stings you.
You die...

#.......'..#########
#.......##.# ####
#.......##.# #...
#.......##.# #.##
#.......##.# #.##
#..>....##.# ####..#
#..§....##.###......
#..yy§..##.....####.
#.y@.§..##.#..#....#
#§§..§..##...#......
#.§§....#....#...##.
#.......#....#..∩..#
#.......#..#..##...#
#.......'<).#......#
#.......#)#..#....#.
##+##.###.##..####..
#.###..#.###.......


You could see 3 spark wasps.

Vanquished Creatures
  A lich (Depths:1)
  2 sphinxes
  Frances (D:12)
  A tengu reaver (D:12)
  A fire giant (D:15)
  A frost giant (D:12)
  Louise (D:15)
  5 stone giants
  The ghost of quinnr the Fencer, a journeyman MiFi of Hepliaklqana (Lair:6)
  Azrael (D:12)
  2 ettins
  A red draconian (Volcano)
  The ghost of Yogidamonk the Eclecticist, a journeyman GrEE of Vehumet (Lair:6)
  3 fire dragons
  2 yaktaur captains
  A rakshasa (Depths:1)
  8 hydras
  Erolcha (D:9)
  Harold (D:12)
  2 ice dragons
  21 two-headed ogres
  4 centaur warriors
  A death knight (D:15)
  2 tengu warriors (Depths:1)
  4 death yaks (Lair:6)
  3 ogre magi
  A deep troll shaman (Depths:1)
  2 deep troll earth magi
  An orc high priest (Orc:1)
  Urug (D:12)
  Sonja (D:12)
  An iron troll (Depths:1)
  A salamander mystic (Volcano)
  4 unseen horrors
  A wizard (D:14)
  10 deep trolls
  A phantasmal warrior (D:12)
  4 deep elf magi
  An orc knight (Orc:1)
  A wolf spider zombie (D:13)
  18 elephants
  2 manticores (shapeshifter) (D:15)
  4 manticores
  An oklob plant (Lair:5)
  6 salamanders
  An orc sorcerer (Orc:1)
  3 cyclopes
  11 ugly things
  6 black mambas
  A torpor snail (Lair:5)
  10 spiny frogs
  2 molten gargoyles (Lair:6)
  A kobold demonologist (D:15)
  A gargoyle (D:14)
  3 yaktaurs
  A rime drake (Lair:6)
  A redback zombie (D:14)
  2 efreet
  6 komodo dragons
  4 tengu conjurers
  3 polar bears
  12 trolls
  A hornet (D:13)
  5 hippogriffs
  4 dream sheep (Lair:6)
  15 blink frogs
  9 slime creatures
  2 shadows
  A spriggan (D:11)
  8 wyverns
  A wraith (D:11)
  Sigmund (D:6)
  6 fire bats (Volcano)
  2 basilisks
  33 yaks
  5 hungry ghosts
  Grum (Lair:1)
  3 steam dragons
  3 fire elementals (D:12)
  Edmund (D:4)
  10 vampire mosquitoes (D:14)
  10 water moccasins
  An acid dragon (D:14)
  7 nagas
  A soldier ant (D:14)
  8 hell hounds
  3 porcupines
  4 sky beasts
  26 orc warriors
  4 ice beasts
  2 necrophages
  36 ogres
  2 phantoms
  8 wolves (Lair:1)
  A boggart (D:7)
  10 centaurs
  7 crocodiles
  5 big kobolds
  2 wyvern zombies (D:7)
  14 bullfrogs
  2 scorpions
  2 wyvern skeletons
  A water moccasin skeleton (D:11)
  6 killer bees
  12 wights
  6 howler monkeys
  13 crimson imps
  7 lava snakes (Volcano)
  2 bullfrog zombies
  A quasit (D:10)
  4 centaur zombies
  9 hounds
  11 jellies
  15 orc wizards
  19 orc priests
  5 centaur skeletons
  Crazy Yiuf (D:6)
  Natasha (thrice) (D:4)
  5 iguanas
  12 worker ants
  A killer bee zombie (D:9)
  3 hound zombies
  A hound skeleton (D:7)
  A worker ant zombie (D:7)
  3 gnolls
  A howler monkey skeleton (D:4)
  18 adders
  2 shadow imps
  An ooze (D:6)
  4 adder zombies
  An adder skeleton (D:7)
  A worm (D:2)
  A dart slug (D:4)
  2 leopard geckos
  127 orcs
  7 giant cockroaches
  5 goblins
  6 hobgoblins
  25 jackals
  5 quokkas
  A ball python (D:3)
  11 bats
  3 frilled lizards
  27 kobolds
  2 quokka skeletons
  6 rats
  A bush (Lair:5)
  A fungus (Lair:5)
866 creatures vanquished.

Vanquished Creatures (others)
  13 fungi
  4 plants
17 creatures vanquished.

Grand Total: 883 creatures vanquished

Notes
Turn   | Place    | Note
-------+----------+-------------------------------------------
     0 | D:1      | DogShitOnMyToe the Demonspawn Gladiator began the quest for the Orb.
     0 | D:1      | Reached XP level 1. HP: 16/16 MP: 1/1
   121 | D:1      | HP: 8/16 [goblin/club (2)]
   293 | D:1      | Reached skill level 3 in Long Blades
   307 | D:1      | Gained mutation: When hurt, damage is shared between your health and your magic reserves. [demonic ancestry]
   307 | D:1      | Reached XP level 2. HP: 22/22 MP: 2/2
   404 | D:1      | You fall through a shaft!
   578 | D:1      | Reached XP level 3. HP: 25/28 MP: 3/3
  1066 | D:2      | Found an opulent altar of Gozag.
  1589 | D:2      | Reached skill level 4 in Long Blades
  1589 | D:2      | Gained mutation: You have sharp toenails. [demonic ancestry]
  1589 | D:2      | Reached XP level 4. HP: 28/34 MP: 2/4
  1882 | D:2      | Reached skill level 3 in Fighting
  2177 | D:3      | You fall through a shaft for 3 floors!
  2207 | D:6      | Gained mutation: You are partially covered in sharp spines. [demonic ancestry]
  2207 | D:6      | Reached XP level 5. HP: 38/41 MP: 3/5
  2291 | D:6      | Noticed an ice beast
  2302 | D:6      | Noticed a phantom
  2303 | D:6      | Killed an ice beast
  2303 | D:6      | Reached skill level 5 in Long Blades
  2303 | D:6      | Reached XP level 6. HP: 30/48 MP: 3/6
  2313 | D:6      | HP: 24/48 [phantom (6)]
  2318 | D:6      | HP: 21/48 [phantom (4)]
  2324 | D:6      | Reached skill level 4 in Fighting
  2550 | D:6      | Reached skill level 6 in Long Blades
  2775 | D:6      | Gained mutation: You are surrounded by a mild repulsion field. (EV +2) [demonic ancestry]
  2775 | D:6      | Reached XP level 7. HP: 55/55 MP: 7/7
  2840 | D:6      | HP: 27/55 [poisoned by an orc wizard]
  2846 | D:6      | HP: 26/55 [poisoned by an orc wizard]
  2854 | D:6      | HP: 26/55 [poisoned by an orc wizard]
  3061 | D:6      | Reached skill level 5 in Fighting
  3064 | D:6      | Reached skill level 7 in Long Blades
  3072 | D:6      | Got a faintly glowing leather armour
  3085 | D:6      | Identified the +1 leather armour "Cened" {rElec rCorr Dex+4 Slay-5} (You found it on level 6 of the Dungeon)
  3363 | D:6      | Found a runed door.
  3401 | D:6      | Noticed Crazy Yiuf
  3405 | D:6      | Killed Crazy Yiuf
  3416 | D:6      | Got a slimy mace
  3417 | D:6      | Identified the +10 mace of Sapsan {crush, rPois MR++} (You found it on level 6 of the Dungeon)
  3524 | D:6      | Noticed Sigmund
  3529 | D:6      | Reached skill level 1 in Maces & Flails
  3540 | D:6      | Killed Sigmund
  3540 | D:6      | Reached skill level 2 in Maces & Flails
  3540 | D:6      | Reached XP level 8. HP: 64/64 MP: 8/8
  3634 | D:5      | Entered Level 5 of the Dungeon
  3734 | D:5      | Found a blossoming altar of Fedhas.
  3779 | D:5      | Reached skill level 3 in Maces & Flails
  3822 | D:5      | Reached skill level 6 in Fighting
  4567 | D:4      | Noticed Natasha
  4568 | D:4      | Killed Natasha
  4571 | D:4      | Reached skill level 4 in Maces & Flails
  4595 | D:4      | Noticed Edmund
  4600 | D:4      | Killed Edmund
  4644 | D:4      | Reached skill level 5 in Maces & Flails
  4799 | D:4      | Noticed Natasha
  4801 | D:4      | Killed Natasha
  4813 | D:4      | Noticed Natasha
  4817 | D:4      | Reached skill level 7 in Fighting
  4817 | D:4      | Killed Natasha
  4828 | D:4      | Gained mutation: You regenerate magic rapidly. [demonic ancestry]
  4828 | D:4      | Reached XP level 9. HP: 72/72 MP: 9/9
  5861 | D:6      | Found Kogaeluxu's Antique Weapon Shop.
  5968 | D:7      | Reached skill level 6 in Maces & Flails
  6026 | D:7      | Found Lygy's Magic Scroll Emporium.
  6120 | D:7      | Bought a scroll of teleportation for 33 gold pieces
  6125 | D:7      | Found Cuphuv's Jewellery Boutique.
  6187 | D:7      | Found Voimaff's Assorted Antiques.
  6252 | D:7      | Found a staircase to the Ecumenical Temple.
  6270 | Temple   | Entered the Ecumenical Temple
  6473 | Temple   | Became a worshipper of Qazlal Stormbringer
  6518 | D:7      | Reached skill level 7 in Maces & Flails
  6647 | D:7      | Reached skill level 8 in Fighting
  6846 | D:7      | Found a deep blue altar of Sif Muna.
  6985 | D:7      | Found Gofeoddo's Food Boutique.
  7100 | D:8      | Found a burning altar of Makhleb.
  7156 | D:8      | Reached skill level 8 in Maces & Flails
  7497 | D:8      | Noticed a two-headed ogre
  7508 | D:8      | Killed a two-headed ogre
  7508 | D:8      | Reached skill level 9 in Maces & Flails
  7508 | D:8      | Gained mutation: You are mostly covered in sharp spines. [demonic ancestry]
  7508 | D:8      | Reached XP level 10. HP: 65/82 MP: 7/10
  7557 | D:8      | Reached * piety under Qazlal
  7637 | D:8      | Found a shimmering altar of Xom.
  7659 | D:8      | Found an iron altar of Okawaru.
  7688 | D:8      | Found a radiant altar of Vehumet.
  7714 | D:8      | Reached skill level 9 in Fighting
  7786 | D:8      | Noticed Erica
  7788 | D:8      | Noticed Erica
  7788 | D:8      | Erica changed into Erica the spiny frog
  7794 | D:8      | Killed Erica the spiny frog
  8176 | D:9      | Found a white marble altar of Elyvilon.
  8338 | D:9      | Noticed a two-headed ogre
  8369 | D:9      | Killed a two-headed ogre
  8489 | D:9      | Reached skill level 10 in Maces & Flails
  8704 | D:9      | Gained mutation: Your flesh is cold resistant. (rC+) [potion of mutation]
  8704 | D:9      | Gained mutation: Your magical capacity is low. (-10% MP) [potion of mutation]
  8704 | D:9      | Gained mutation: You are covered in fur. (AC +1) [potion of mutation]
  8715 | D:9      | Noticed Erolcha
  8726 | D:9      | Killed Erolcha
  8753 | D:9      | Identified a book of Cantrips
  8763 | D:9      | Found a staircase to the Orcish Mines.
  8897 | D:9      | Reached skill level 10 in Fighting
  8908 | D:9      | Reached XP level 11. HP: 69/90 MP: 7/9
  8924 | D:9      | Reached ** piety under Qazlal
  9215 | D:10     | Entered Level 10 of the Dungeon
  9272 | D:10     | Reached skill level 11 in Maces & Flails
  9460 | D:10     | Found a staircase to the Lair.
  9862 | D:10     | Reached *** piety under Qazlal
 10110 | D:11     | Reached **** piety under Qazlal
 10129 | D:11     | Identified the Handbook of Assistive Confrontation
 10207 | D:11     | Killed an unseen horror
 10207 | D:11     | Reached skill level 12 in Maces & Flails
 10369 | D:11     | Reached skill level 11 in Fighting
 10462 | D:11     | Identified a book of Unlife
 10864 | Lair:1   | Entered Level 1 of the Lair of Beasts
 10902 | Lair:1   | Noticed Grum
 10910 | Lair:1   | Killed Grum
 10996 | Lair:1   | Noticed a five-headed hydra
 11005 | Lair:1   | Killed a five-headed hydra
 11006 | Lair:1   | Reached ***** piety under Qazlal
 11022 | Lair:1   | Gained mutation: You have razor-sharp toenails. [demonic ancestry]
 11022 | Lair:1   | Reached XP level 12. HP: 84/100 MP: 8/10
 11058 | Lair:1   | Reached skill level 13 in Maces & Flails
 11446 | Lair:2   | Found a staircase to the Snake Pit.
 11549 | Lair:2   | Reached skill level 1 in Invocations
 11578 | Lair:2   | Identified a book of Misfortune
 11886 | Lair:2   | Reached skill level 2 in Invocations
 11955 | Lair:2   | Found a dark tunnel.
 11962 | Volcano  | Entered a volcano
 12159 | Volcano  | Reached skill level 3 in Invocations
 12174 | Volcano  | Noticed a red draconian
 12191 | Volcano  | Reached skill level 12 in Fighting
 12191 | Volcano  | Reached skill level 4 in Invocations
 12199 | Volcano  | HP: 41/102 [red draconian/searing blast (11)]
 12201 | Volcano  | Killed a red draconian
 12206 | Volcano  | Reached skill level 5 in Invocations
 12207 | Volcano  | HP: 34/102 [salamander/glaive (4)]
 12250 | Volcano  | HP: 34/102 [salamander/spear (4)]
 12393 | Volcano  | HP: 50/102 [salamander/glaive of flaming (5)]
 12398 | Volcano  | HP: 50/102 [salamander/glaive of flaming (1)]
 12403 | Volcano  | HP: 41/102 [salamander/glaive of flaming (7)]
 12686 | Volcano  | Found a radiant altar of Vehumet.
 12719 | Volcano  | Found a radiant altar of Vehumet.
 13140 | Lair:2   | Reached skill level 6 in Invocations
 13745 | Lair:3   | Found a staircase to the Swamp.
 13755 | Lair:3   | Reached skill level 14 in Maces & Flails
 13763 | Lair:3   | Reached skill level 7 in Invocations
 14052 | Lair:4   | Noticed an eight-headed hydra
 14058 | Lair:4   | Killed an eight-headed hydra
 14069 | Lair:4   | Reached XP level 13. HP: 93/109 MP: 17/17
 14088 | Lair:4   | Reached skill level 8 in Invocations
 14311 | Lair:4   | Reached skill level 1 in Crossbows
 15013 | Lair:5   | Reached skill level 2 in Crossbows
 15028 | Lair:5   | Reached skill level 9 in Invocations
 15044 | Lair:5   | Reached skill level 3 in Crossbows
 15102 | Lair:5   | Found a runed door.
 15300 | Lair:5   | Identified a Young Poisoner's Handbook
 15466 | Lair:5   | Reached skill level 10 in Invocations
 15471 | Lair:5   | Reached skill level 4 in Crossbows
 16034 | Lair:6   | Entered Level 6 of the Lair of Beasts
 16049 | Lair:6   | Noticed quinnr's ghost (journeyman MiFi)
 16058 | Lair:6   | HP: 49/109 [quinnr's ghost (7)]
 16063 | Lair:6   | Reached skill level 13 in Fighting
 16063 | Lair:6   | Reached skill level 5 in Crossbows
 16063 | Lair:6   | Reached skill level 11 in Invocations
 16064 | Lair:6   | HP: 36/111 [elephant (5)]
 16069 | Lair:6   | HP: 7/111 [enormous slime creature (12)]
 16422 | Lair:6   | quinnr's ghost turns its malevolent gaze towards you.
 16458 | Lair:6   | HP: 55/111 [quinnr's ghost (1)]
 16667 | Lair:6   | Reached skill level 6 in Crossbows
 16679 | Lair:6   | HP: 45/111 [quinnr's ghost (12)]
 16680 | Lair:6   | Gained mutation: When low on magic, you restore magic in place of health. [demonic ancestry]
 16680 | Lair:6   | Reached XP level 14. HP: 43/118 MP: 8/20
 16684 | Lair:6   | HP: 15/118 [quinnr's ghost (11)]
 17177 | Lair:6   | HP: 47/118 [quinnr's ghost (17)]
 17528 | Lair:6   | Reached skill level 12 in Invocations
 17624 | Lair:6   | HP: 54/118 [komodo dragon (16)]
 17638 | Lair:6   | HP: 50/118 [wyvern (4)]
 17694 | Lair:6   | HP: 54/118 [molten gargoyle/bolt of magma (12)]
 18124 | Lair:6   | Noticed Yogidamonk's ghost (journeyman GrEE)
 18124 | Lair:6   | Yogidamonk's ghost turns its malevolent gaze towards you.
 18150 | Lair:6   | Reached skill level 7 in Crossbows
 18157 | Lair:6   | Killed Yogidamonk's ghost
 18476 | Lair:6   | Found a staircase to the Slime Pits.
 18486 | Lair:6   | quinnr's ghost turns its malevolent gaze towards you.
 18511 | Lair:6   | HP: 45/118 [quinnr's ghost (17)]
 18516 | Lair:6   | HP: 38/118 [quinnr's ghost (5)]
 18988 | Lair:6   | HP: 57/118 [quinnr's ghost (4)]
 18990 | Lair:6   | Killed quinnr's ghost
 19687 | D:12     | Found Gazximag's Book Boutique.
 19710 | D:12     | Noticed Sonja
 19717 | D:12     | Killed Sonja
 19719 | D:12     | Noticed Frances
 19729 | D:12     | Killed Frances
 19729 | D:12     | Reached skill level 13 in Invocations
 19766 | D:12     | Found a glowing silver altar of Zin.
 19994 | D:12     | Noticed Harold
 20010 | D:12     | Killed Harold
 20037 | D:12     | Noticed Urug
 20051 | D:12     | Killed Urug
 20051 | D:12     | Reached skill level 8 in Crossbows
 20488 | D:13     | HP: 55/119 [troll (5)]
 20495 | D:13     | HP: 55/119 [poisoned by a kobold]
 20503 | D:13     | HP: 55/119 [poisoned by a kobold]
 20571 | D:13     | HP: 56/119 [manticore (4)]
 20590 | D:13     | HP: 49/119 [hornet (7)]
 20595 | D:13     | HP: 37/119 [poisoned by a hornet]
 20602 | D:13     | HP: 35/119 [poisoned by a hornet]
 20609 | D:13     | HP: 35/119 [poisoned by a hornet]
 20617 | D:12     | HP: 36/119 [poisoned by a hornet]
 20639 | D:12     | HP: 41/119 [something (1)]
 20673 | D:12     | HP: 44/119 [hell hound[Azrael] (3)]
 20681 | D:12     | Noticed Azrael
 20681 | D:12     | HP: 41/119 [Azrael/fireball (5)]
 20688 | D:12     | HP: 19/119 [Azrael/bolt of fire (8)]
 20694 | D:12     | HP: 28/119 [Azrael/bolt of fire (13)]
 21174 | D:12     | Killed Azrael
 21461 | D:12     | Reached skill level 14 in Invocations
 21472 | D:12     | HP: 53/119 [phantasmal warrior (21)]
 21477 | D:12     | HP: 29/119 [phantasmal warrior (6)]
 21888 | D:12     | Noticed a sphinx
 21927 | D:12     | Noticed a frost giant
 21937 | D:12     | Killed a frost giant
 21943 | D:12     | Noticed a stone giant
 22194 | D:12     | Paralysed by a sphinx for 6 turns
 22200 | D:12     | Killed a sphinx
 22200 | D:12     | Reached skill level 9 in Crossbows
 22499 | D:12     | Noticed a tengu reaver
 22502 | D:12     | HP: 59/119 [yaktaur captain/bolt (9)]
 22656 | D:12     | HP: 51/119 [tengu reaver/quarterstaff of speed (17)]
 22661 | D:12     | Killed a tengu reaver
 22661 | D:12     | Reached skill level 14 in Fighting
 22661 | D:12     | Reached XP level 15. HP: 39/126 MP: 12/23
 22691 | D:12     | HP: 24/126 [stone giant (22)]
 22697 | D:12     | HP: 4/126 [stone giant (16)]
 23124 | D:12     | Identified the Grimoire of the Volcanoes and Clay
 23127 | D:12     | Identified a book of Conjurations
 23284 | Orc:1    | Entered Level 1 of the Orcish Mines
 23316 | Orc:1    | HP: 62/126 [troll (7)]
 23950 | Orc:2    | Entered Level 2 of the Orcish Mines
 23967 | Orc:2    | Reached skill level 10 in Crossbows
 24035 | Orc:2    | HP: 61/126 [ogre/giant spiked club (6)]
 24462 | Orc:2    | Reached skill level 11 in Crossbows
 24648 | Orc:2    | HP: 58/126 [two-headed ogre/giant spiked club (10)]
 24925 | Orc:2    | HP: 55/126 [cyclops/large rock (31)]
 25414 | Orc:2    | Found Pannass's Weapon Shoppe.
 25415 | Orc:2    | Found Etsimouz's Assorted Antiques.
 25416 | Orc:2    | Found Zin Kamy's Weapon Shop.
 25426 | Orc:2    | Found Pyrhujyu's Food Emporium.
 25431 | Orc:2    | Bought the +10 morningstar "Eos" {elec, Halo rElec} for 1036 gold pieces
 25431 | Orc:2    | Found the +10 morningstar "Eos" {elec, Halo rElec}
 25544 | Orc:2    | Found a staircase to the Elven Halls.
 26753 | D:14     | Found a corrupted altar of Lugonu.
 26755 | D:14     | Reached ****** piety under Qazlal
 26829 | D:14     | Found a gate to the Vaults.
 26942 | D:15     | Entered Level 15 of the Dungeon
 27238 | D:15     | Reached skill level 15 in Maces & Flails
 27292 | D:15     | Found Cial's Gadget Shop.
 27725 | D:15     | Found a staircase to the Depths.
 27819 | D:15     | Reached XP level 16. HP: 128/133 MP: 22/24
 28108 | Depths:1 | Entered Level 1 of the Depths
 28108 | Depths:1 | Found a one-way gate to the infinite horrors of the Abyss.
 28114 | Depths:1 | Noticed Louise
 28165 | D:15     | Killed Louise
 28270 | D:15     | HP: 61/133 [cyan ugly thing (7)]
 28284 | D:15     | HP: 43/133 [deep troll (2)]
 28616 | D:15     | HP: 66/133 [deep troll (3)]
 28621 | D:15     | HP: 45/133 [deep troll (7)]
 28911 | D:15     | HP: 65/133 [deep troll (5)]
 28918 | D:15     | Reached skill level 16 in Maces & Flails
 29281 | D:15     | Reached skill level 1 in Shields
 29299 | Depths:1 | HP: 66/133 [two-headed ogre/giant spiked club (6)]
 29305 | D:15     | Reached skill level 2 in Shields
 29305 | D:15     | Reached skill level 15 in Invocations
 29306 | D:15     | HP: 71/199 [ettin/dire flail (18)]
 29683 | Depths:1 | HP: 45/133 [very large slime creature (38)]
 30000 | Depths:1 | Reached skill level 3 in Shields
 30118 | Depths:1 | Found a gateway to Hell.
 30170 | Depths:1 | Reached skill level 4 in Shields
 30187 | Depths:1 | HP: 64/134 [stone giant/large rock (17)]
 30449 | Depths:1 | Noticed a sphinx
 30454 | Depths:1 | Killed a sphinx
 30457 | Depths:1 | Noticed a lich
 30460 | Depths:1 | Killed a lich
 30466 | Depths:1 | HP: 65/134 [ettin/dire flail (8)]
 30467 | Depths:1 | Reached skill level 16 in Invocations
 30484 | Depths:1 | HP: 45/134 [stone giant (22)]
 30487 | Depths:1 | HP: 3/134 [stone giant (21)]
 30506 | Depths:1 | Reached skill level 5 in Shields
 31310 | Depths:2 | Noticed DogShitOnMyToe's ghost (adept TrWr)
 31310 | Depths:2 | DogShitOnMyToe's ghost turns its malevolent gaze towards you.
 31364 | Depths:2 | HP: 54/134 [spark wasp (17)]
 31366 | Depths:1 | HP: 26/134 [spark wasp (10)]
 31370 | Depths:1 | HP: 7/134 [spark wasp (16)]
 31370 | Depths:1 | HP: 3/134 [spark wasp (4)]
 31372 | Depths:1 | Slain by a spark wasp

Skill      XL: |  1  2  3  4  5  6  7  8  9 10 11 12 13 14 15 16 |
---------------+-------------------------------------------------+-----
Long Blades    | 3 4 5 6 7 |  7.1
Fighting       | 3 4 5 7 8 10 11 12 13 14 | 14.4
Maces & Flails | 2 5 9 10 12 14 15 16 | 16.0
Invocations    | 7 11 14 16 | 16.1
Crossbows      | 6 9 11 | 11.6
Shields        | 5 |  5.1
Throwing       | |  1.7
Dodging        | |  2.6

Action                   |  1- 3 |  4- 6 |  7- 9 | 10-12 | 13-15 | 16-18 || total
-------------------------+-------+-------+-------+-------+-------+-------++-------
Melee: Long sword        |    77 |    87 |    15 |       |       |       ||   179
       Kick              |       |    21 |    25 |    72 |   345 |    63 ||   526
       Falchion          |       |       |     6 |       |       |       ||     6
       Mace              |       |       |   209 |   576 |   721 |       ||  1506
       Morningstar       |       |       |       |       |   206 |   165 ||   371
 Fire: Triple crossbow   |       |       |       |     4 |   114 |       ||   118
Throw: Throwing net      |     1 |       |       |       |     2 |       ||     3
       Tomahawk          |       |     4 |    10 |       |       |       ||    14
Invok: Upheaval          |       |       |       |     1 |    23 |     9 ||    33
       Disaster Area     |       |       |       |       |     1 |       ||     1
Evoke: Wand              |       |     7 |    32 |    17 |    16 |       ||    72
  Use: Scroll            |       |       |       |    21 |    11 |     1 ||    33
       Potion            |       |       |       |     2 |     2 |     4 ||     8
 Stab: Held in net/web   |     1 |       |       |       |       |       ||     1
       Confused          |       |       |       |     4 |       |       ||     4
       Paralysed         |       |       |       |     3 |     1 |       ||     4
  Eat: Chunk             |     2 |     4 |    15 |    18 |    18 |     4 ||    61
       Ration            |       |       |       |     1 |     8 |     3 ||    12
Armor: Leather armour    |    11 |       |       |       |       |       ||    11
       Scale mail        |     7 |    35 |     6 |       |       |       ||    48
       Plate armour      |       |       |   103 |   222 |   404 |   107 ||   836
Dodge: Dodged            |    46 |    59 |    52 |    70 |   228 |    37 ||   492
       Deflected         |       |       |       |     9 |    12 |     7 ||    28
Block: Shield            |       |       |    49 |   292 |   291 |   186 ||   818
       Other             |       |       |       |     3 |    91 |       ||    94
       Rpst.: Long sword |    20 |    20 |     3 |       |       |       ||    43
